 Dungeon Crawl Stone Soup version 0.27-a0-1140-g099f9bb0e8 (webtiles) character file.

Game seed: 8167396308001539154

71 siradein the Cudgeller (level 4, -6/33 HPs)
             Began as a Demonspawn Gladiator on May 10, 2021.
             Killed by an exploding Grinder (28 damage)
             ... ignited by their inner flame
             ... on level 3 of the Dungeon.
             The game lasted 00:16:39 (3125 turns).

siradein the Cudgeller (Demonspawn Gladiator)       Turns: 3125, Time: 00:17:09

Health: -6/33      AC:  7    Str: 15    XL:     4   Next: 5%
Magic:  4/4        EV: 11    Int:  9    God:
Gold:   94         SH:  0    Dex: 15    Spells: 3/3 levels left

rFire    . . .     SeeInvis .   a - +0 flail
rCold    . . .     Faith    .   (no shield)
rNeg     . . .     Spirit   .   o - +0 ring mail
rPois    .         Reflect  .   c - +0 helmet
rElec    .         Harm     .   (no cloak)
rCorr    .         Rampage  .   (no gloves)
Will     .....                  m - +0 pair of boots
Stlth    +.........             (no amulet)
HPRegen  0.11/turn              (no ring)
MPRegen  0.18/turn              (no ring)

@: no status effects
A: magic regeneration
a: no special abilities


You were on level 3 of the Dungeon.
You visited 1 branch of the dungeon, and saw 3 of its levels.

You collected 94 gold pieces.

Inventory:

Hand Weapons
 a - a +0 flail (weapon)
Missiles
 d - 3 throwing nets
 f - 14 poisoned darts (quivered)
 h - 8 atropa-tipped darts
Armour
 b - a +0 leather armour
 c - a +0 helmet (worn)
 m - a +0 pair of boots (worn)
 o - a +0 ring mail (worn)
Scrolls
 e - a scroll of vulnerability {unknown}
 g - a scroll of enchant weapon {unknown}
 l - a scroll of identify {unknown}
 n - 2 scrolls of fear {unknown}
Potions
 i - a potion of haste {unknown}
 j - a potion of magic {unknown}


   Skills:
 - Level 2.0 Fighting
 + Level 4.5 Maces & Flails
 - Level 1.7 Throwing
 - Level 2.6 Dodging


You had 3 spell levels left.
You didn't know any spells.
Your spell library was empty.

Dungeon Overview and Level Annotations

Branches:
Dungeon (3/15)

Altars:


Innate Abilities, Weirdness & Mutations

You regenerate magic rapidly.


Message History

You thump the goblin!
You kill the goblin!
You hit the orc but do no damage. The orc barely misses you.
You hit the orc.
The orc is almost dead.
The orc hits you but does no damage.
You barely miss the orc.
The orc is almost dead.
The orc barely misses you.
You sock the orc!
You kill the orc!
Things that are here:
a +0 flail; a +0 leather armour; an orc corpse
Items here: ( )) †.
Things that are here:
a +0 flail; a +0 leather armour; an orc corpse
There is a large open door here.
There is a large open door here.
Grinder comes into view.
Grinder shouts!
A dart slug comes into view.
Really read the scroll of immolation?
As you read the scroll of immolation, it crumbles to dust.
The creatures around you are filled with an inner flame!
You hit Grinder.
Flame seeps out of Grinder.
Grinder is lightly wounded.
Grinder is engulfed in blazing flames.
Flame seeps out of Grinder.
Grinder hits you but does no damage.
You hit Grinder.
Flame seeps out of Grinder.
Grinder is heavily wounded.
Grinder is engulfed in blazing flames.
Flame seeps out of Grinder.
Grinder hits you.
You writhe in agony.
Grinder is engulfed in blazing flames.
Flame seeps out of Grinder.
Grinder hits you.
You writhe in agony.
You hit Grinder.
Flame seeps out of Grinder.
Grinder is almost dead.
Grinder is engulfed in blazing flames.
Grinder explodes!
The fiery explosion engulfs you!!
Ouch! That really hurt!
You die...

.....#..#...........# ..8
......<.......''##### 8.
......#.......#.# .8
'#....#.......#.#### .
.#.#..........#....#.#
...#.###......####.#.#####
..............'...........
.###.###......####...#....
.# .# #........@°§.## ..
## '# .####.####.# ###...
.. ..# ..#... #.. ..#
...... #. ..# ...........
..w .......... ..#.
..#....... ..#.......


There were no monsters in sight!

Vanquished Creatures
  Grinder (D:3)
  2 adders (D:2)
  A worm (D:1)
  A dart slug (D:2)
  An orc (D:3)
  2 ball pythons
  3 bats
  An endoplasm (D:1)
  2 giant cockroaches
  5 goblins
  8 hobgoblins
  3 jackals (D:1)
  3 kobolds
  2 quokkas
  5 frilled lizards
  5 rats
45 creatures vanquished.

Notes
Turn   | Place    | Note
-------+----------+-------------------------------------------
     0 | D:1      | siradein the Demonspawn Gladiator began the quest for the
                  | Orb.
     0 | D:1      | Reached XP level 1. HP: 16/16 MP: 1/1
   103 | D:1      | Reached skill level 3 in Maces & Flails
   384 | D:1      | Gained mutation: You regenerate magic rapidly. [demonic
                  | ancestry]
   384 | D:1      | Reached XP level 2. HP: 22/22 MP: 2/2
   683 | D:1      | Found a faded altar of an unknown god.
  1666 | D:1      | Reached XP level 3. HP: 27/27 MP: 3/3
  1748 | D:2      | Reached skill level 4 in Maces & Flails
  3077 | D:3      | Reached XP level 4. HP: 30/33 MP: 4/4
  3117 | D:3      | Noticed Grinder
  3125 | D:3      | Killed Grinder
  3125 | D:3      | Killed by an exploding Grinder... ignited by their inner
                  | flame

Illustrated notes

Levels and vault maps discovered:
D:1:      minmay_arrival_checkered_box, layout_rooms, serial_rivers,
          chequers_serial_rivers_large_b, chequers_serial_rivers_marsh,
          chequers_serial_rivers_small_3, chequers_serial_rivers_large_a,
          chequers_serial_rivers_micro_c, ebering_ecumenical_altar_hall,
          bh_walls_and_bars
D:2:      layout_loops_corners, minmay_misc_feat_doors, minmay_distorted
D:3:      layout_basic, old_standard_altar, small_statue_alley_b, uniq_grinder

Skill      XL: |  1  2  3 |
---------------+----------+-----
Maces & Flails | 3 4 |  4.5
Fighting       | |  2.0
Throwing       | |  1.7
Dodging        | |  2.6

Action                   |  1- 3 |  4- 6 || total
-------------------------+-------+-------++-------
Melee: Flail             |   141 |     9 ||   150
  Use: Scroll            |     1 |     1 ||     2
 Stab: Sleeping          |     1 |       ||     1
Armor: Leather armour    |    38 |       ||    38
       Ring mail         |     2 |     4 ||     6
Dodge: Dodged            |    73 |     2 ||    75

Table legend: (Time is in decaauts)
 A = Elapsed time spent in this place.
 B = Non-inter-level travel time spent in this place.
 C = Inter-level travel time spent in this place.
 D = Time resting spent in this place.
 E = Time spent auto-exploring this place.
 F = Levels seen in this place.
 G = Mean time per level.
                   A        B        C        D        E       F      G
               +--------+--------+--------+--------+--------+-----+--------+
         Total |   3208 |   3153 |     55 |    319 |   2251 |   3 | 1069.3 |
       Dungeon |   3208 |   3153 |     55 |    319 |   2251 |   3 | 1069.3 |
               +--------+--------+--------+--------+--------+-----+--------+

Top non-repeatable levels by time:
     D:1: 1641 daAuts
     D:2: 1222 daAuts
     D:3: 344 daAuts
